 Dungeon Crawl Stone Soup version 0.24.1 (webtiles) character file.

Game seed: 4154264717036657141, levelgen mode: deterministic

29679 Kaiern the Spry (level 13, -8/69 HPs)
             Began as a Spriggan Enchanter on Mar 28, 2020.
             Was a High Priest of Dithmenos.
             Mangled by a harpy (17 damage)
             ... summoned by Kirke
             ... on level 5 of the Lair of Beasts.
             The game lasted 02:11:39 (24035 turns).

Kaiern the Spry (Spriggan Enchanter)               Turns: 24035, Time: 02:11:40

Health: -8/69      AC:  0    Str:  4    XL:     13   Next: 16%
Magic:  23/26      EV: 27    Int: 21    God:    Dithmenos [*****.]
Gold:   1041       SH:  0    Dex: 17    Spells: 16/29 levels left

rFire    . . .     SeeInvis +   (weapon currently unavailable)
rCold    . . .     Gourm    .   (shield currently unavailable)
rNeg     . . .     Faith    .   (armour currently unavailable)
rPois    +         Spirit   .   (helmet currently unavailable)
rElec    .         Reflect  .   (cloak currently unavailable)
rCorr    .         Harm     .   (gloves unavailable)
MR       +....                  (boots unavailable)
Stlth    +++++++++.             Q - amulet of Lenleut {RegenMP +Blink rPois MR-}
HPRegen  0.21/turn              (ring currently unavailable)
MPRegen  0.45/turn              (ring currently unavailable)

@: about to teleport, pig-form, slowed, wreathed by umbra, studying Earth Magic
A: small, unfitting armour, see invisible, herbivore, slow metabolism 2
a: Shadow Step, Shadow Form, Renounce Religion, Evoke Blink


You were on level 5 of the Lair of Beasts.
You worshipped Dithmenos.
Dithmenos was extremely pleased with you.
You were not hungry.
You were a filthy swine.
You visited 3 branches of the dungeon, and saw 17 of its levels.
You also visited: Sewer.

You collected 1041 gold pieces.

Inventory:

Hand Weapons
 q - a +3 dagger of electrocution (melded)
 u - a +2 dagger of freezing
Missiles
 o - 94 poisoned darts (quivered)
Armour
 D - a +1 robe of fire resistance (melded)
Jewellery
 c - a ring of stealth (melded)
 m - an uncursed ring of wizardry
 r - a +4 ring of evasion (melded)
 w - an uncursed ring of ice {unknown}
 F - an uncursed amulet of the acrobat
 Q - the amulet of Lenleut (around neck) {RegenMP +Blink rPois MR-}
   (You found it on level 1 of the Lair of Beasts)

   [amulet of magic regeneration]

   It increases your magic regeneration.
   It protects you from poison.
   It affects your resistance to hostile enchantments.
   It lets you blink.
Wands
 k - a wand of disintegration (11)
 t - a wand of clouds (5)
 B - a wand of scattershot (6)
 C - a wand of digging (5)
 K - a wand of acid (6)
 L - a wand of random effects (30)
 M - a wand of iceblast (17)
 O - a wand of flame (24)
Scrolls
 b - a scroll of silence {unknown}
 f - 3 scrolls of fear
 h - 10 scrolls of teleportation
 i - 6 scrolls of identify
 j - 8 scrolls of blinking
 l - 7 scrolls of enchant weapon
 p - 6 scrolls of magic mapping
 H - 5 scrolls of remove curse
Potions
 a - 3 potions of flight
 e - 8 potions of curing
 g - 4 potions of heal wounds
 n - a potion of agility {unknown}
 s - 3 potions of might
 v - a potion of brilliance {unknown}
 z - 2 potions of mutation
 E - a potion of experience {unknown}
 G - a potion of resistance {unknown}
 I - a potion of ambrosia {unknown}
 J - 2 potions of berserk rage
 N - a potion of haste {unknown}
Books
 x - a manual of Earth Magic
Miscellaneous
 y - a fan of gales
Comestibles
 d - 28 rations


   Skills:
 + Level 8.7 Fighting
 - Level 10.0 Short Blades
 + Level 15.2 Dodging
 - Level 15.0 Stealth
 + Level 8.6 Spellcasting
 + Level 9.8 Hexes
 - Level 2.5 Evocations


You had 16 spell levels left.
You knew the following spells:

 Your Spells              Type           Power        Failure   Level  Hunger
b - Ensorcelled Hibernat  Hex/Ice        ####..       1%          2    None
c - Confuse               Hex            ######..     1%          3    None
d - Tukima's Dance        Hex            ######..     1%          3    None
e - Dazzling Spray        Conj/Hex       ####..       3%          3    None
f - Slow                  Hex            ######..     1%          2    None

Your spell library contained the following spells:

 Spells                   Type           Power        Failure   Level  Hunger
 Corona                   Hex            ######.      1%          1    None
 Summon Guardian Golem    Hex/Summ       ####....     3%          3    None
 Infusion                 Chrm           #...         8%          1    None
 Magic Dart               Conj           #...         8%          1    None
 Summon Small Mammal      Summ           #...         8%          1    None
 Blink                    Tloc           N/A          12%         2    None
 Call Imp                 Summ           #.......     12%         2    None
 Poisonous Vapours        Pois/Air       #.....       12%         2    None
 Song of Slaying          Chrm           #.......     12%         2    None
 Swiftness                Chrm/Air       #.......     12%         2    None
 Call Canine Familiar     Summ           #.......     22%         3    None
 Conjure Flame            Conj/Fire      #.......     22%         3    None
 Mephitic Cloud           Conj/Pois/Air  #.......     22%         3    None
 Summon Ice Beast         Ice/Summ       #.......     58%         4    ###....
 Summon Lightning Spire   Summ/Air       #.......     58%         4    ###....
 Excruciating Wounds      Chrm/Necr      #.........   91%         5    #####..
 Freezing Cloud           Conj/Ice/Air   #.........   100%        6    ######.
 Ring of Flames           Chrm/Fire      #.........   100%        7    #######


Dungeon Overview and Level Annotations

Branches:
Dungeon (11/15)            Temple (1/1) D:6            Lair (5/6) D:11
 Shoals (0/4) Lair:3       Spider (0/4) Lair:3        Slime (0/5) Lair:5
  Sewer (visited)
    Orc: D:9-12

Altars:
Ashenzari
Cheibriados
Dithmenos
Elyvilon
Fedhas
Gozag
Hepliaklqana
Kikubaaqudgha
Makhleb
Nemelex Xobeh
Okawaru
Qazlal
Ru
Sif Muna
Trog
Uskayaw
Vehumet
Wu Jian
Xom
Yredelemnul
Zin
The Shining One

Annotations:
D:4 2 transporters, matti1234's ghost, amateur OpWr
D:7 1 runed translucent door, nemuritori's ghost, novice OpTm
D:10 Gastronok
Lair:5 Kirke


Innate Abilities, Weirdness & Mutations

You are very small and have problems with some larger weapons.
You are too small for most types of armour.
You have supernaturally acute eyesight. (SInv)
You are a herbivore.
((You cover ground extremely quickly.))
You need to consume almost no food.


Message History

The wyvern bites you!
A hog comes into view.
The hog closely misses you.
Kirke casts a spell.
Kirke summons some harpies!
Kirke gestures wildly while chanting.
Kirke flickers and vanishes for a moment.
The hog completely misses you. The hog misses you.
The wyvern barely misses you. The hog completely misses you.
The wyvern completely misses you. The wyvern bites you!
The hog completely misses you.
The harpy claws the plant!
The harpy claws the plant but does no damage. x2
The harpy claws the plant!
The hog bites the plant.
The wyvern bites you. The harpy barely misses you.
The harpy completely misses you. The hog bites you!
* * * LOW HITPOINT WARNING * * *
As you read the scroll of teleportation, it crumbles to dust.
You feel strangely unstable. The harpy claws you!
You die...

.#...÷.##.#P.........#...##
#..>..................#...##
........#..P...##..........#
............P..##.........P#
....#..##..<...#P......#...P
.#..#####...÷.......P.#.....
#....###....................
....................#...)...
.#.P........P...h.P#.......P
#####......##..Hlh.###.....#
#..PP..###......# ##...
#..#...###..Ph.##
....#..#.#....@##
##.###...#......# #.
##....#....## .P#..........#
............##


You could see Kirke (invisible), a harpy, 2 hogs and a wyvern.

Vanquished Creatures
  5 hydras
  4 two-headed ogres
  An unseen horror (D:11)
  A necromancer (Lair:3)
  An ugly thing (D:11)
  2 oklob plants
  2 manticores
  A centaur zombie (D:11)
  A black mamba (Lair:5)
  3 elephants (Lair:4)
  6 spiny frogs
  A rime drake (Lair:4)
  4 komodo dragons
  8 blink frogs
  2 slime creatures (D:7)
  4 hippogriffs
  A spriggan (D:9)
  22 yaks
  A hungry ghost (D:9)
  6 water moccasins
  3 porcupines
  5 sky beasts
  5 orc warriors
  3 black bears
  3 phantoms
  7 ice beasts
  10 wolves
  8 centaurs
  6 ogres
  7 crocodiles
  2 big kobolds
  17 bullfrogs
  A wyvern skeleton (D:11)
  2 scorpions
  8 killer bees
  11 howler monkeys
  20 wights
  4 crimson imps
  A hound (D:5)
  2 quasits
  A bullfrog skeleton (D:6)
  17 jellies
  3 orc priests
  2 centaur skeletons
  A gnoll shaman (D:9)
  6 orc wizards
  2 iguanas
  7 worker ants
  2 wolf simulacra (Lair:3)
  A killer bee zombie (D:8)
  A howler monkey zombie (D:6)
  A worker ant zombie (D:6)
  6 gnolls
  15 adders
  2 river rats (D:4)
  5 shadow imps
  2 adder zombies
  3 worms
  2 dart slugs (D:2)
  7 leopard geckos
  25 orcs
  3 ball pythons
  2 bats
  10 giant cockroaches
  10 goblins
  7 hobgoblins
  6 jackals
  2 quokkas
  10 frilled lizards
  17 kobolds
  A leopard gecko skeleton (D:8)
  A leopard gecko zombie (D:6)
  10 rats
  7 plants (D:11)
398 creatures vanquished.

Vanquished Creatures (collateral kills)
  An ogre (D:11)
  2 wights
  3 gnolls
  3 orcs
9 creatures vanquished.

Vanquished Creatures (others)
  3 dancing weapons
  4 fungi
  14 plants
21 creatures vanquished.

Grand Total: 428 creatures vanquished

Notes
Turn   | Place    | Note
-------+----------+-------------------------------------------
     0 | D:1      | Kaiern the Spriggan Enchanter began the quest for the Orb.
     0 | D:1      | Reached XP level 1. HP: 9/9 MP: 5/5
   311 | D:1      | Reached XP level 2. HP: 13/13 MP: 5/7
   316 | D:1      | Learned a level 2 spell: Ensorcelled Hibernation
   855 | D:1      | Reached XP level 3. HP: 16/16 MP: 8/8
  1604 | D:2      | Reached skill level 5 in Stealth
  1682 | D:2      | Reached XP level 4. HP: 21/21 MP: 7/10
  2179 | D:2      | Reached XP level 5. HP: 24/24 MP: 8/11
  2281 | D:2      | Found a burning altar of Makhleb.
  2611 | D:2      | Found a faded altar of an unknown god.
  2969 | D:3      | Found a hide-covered altar of Uskayaw.
  3202 | D:3      | Found a blossoming altar of Fedhas.
  3266 | D:3      | Found a shattered altar of Ashenzari.
  3345 | D:3      | Found an iron altar of Okawaru.
  3537 | D:4      | Found a transporter.
  3540 | D:4      | Noticed matti1234's ghost (amateur OpWr)
  3624 | D:4      | Noticed an ogre
  3695 | D:4      | Killed an ogre
  3695 | D:4      | Reached skill level 5 in Hexes
  3695 | D:4      | Reached XP level 6. HP: 28/28 MP: 6/13
  3749 | D:4      | Learned a level 3 spell: Confuse
  3753 | D:4      | Learned a level 3 spell: Tukima's Dance
  3909 | D:4      | Found a glowing drain.
  4029 | Sewer    | Entered a sewer
  4231 | Sewer    | Found a white marble altar of Elyvilon.
  4584 | D:4      | Found a transporter.
  4655 | D:5      | Entered Level 5 of the Dungeon
  4660 | D:5      | Reached skill level 5 in Dodging
  4732 | D:5      | Reached skill level 1 in Fighting
  5012 | D:5      | Reached XP level 7. HP: 33/33 MP: 12/15
  5025 | D:5      | Learned a level 3 spell: Dazzling Spray
  5219 | D:5      | Reached skill level 5 in Spellcasting
  6148 | D:6      | Reached XP level 8. HP: 39/39 MP: 1/16
  6629 | D:6      | Reached skill level 5 in Short Blades
  6908 | D:6      | Found a staircase to the Ecumenical Temple.
  7116 | Temple   | Entered the Ecumenical Temple
  7220 | Temple   | Became a worshipper of Dithmenos the Shadowed
  7458 | D:6      | Found a bloodstained altar of Trog.
  7517 | D:6      | Found a sparkling altar of Nemelex Xobeh.
  7672 | D:7      | Learned a level 2 spell: Slow
  7710 | D:7      | Noticed a slime creature
  7716 | D:7      | Noticed a slime creature
  7735 | D:7      | Killed a slime creature
  7735 | D:7      | Reached XP level 9. HP: 45/45 MP: 14/17
  7885 | D:7      | Reached skill level 10 in Stealth
  8584 | D:7      | Reached * piety under Dithmenos
  8895 | D:7      | Found a runed translucent door.
  8921 | D:7      | Found a glowing silver altar of Zin.
  9101 | D:7      | Noticed nemuritori's ghost (novice OpTm)
  9184 | D:8      | Found a bloodstained altar of Trog.
  9184 | D:8      | Found a stormy altar of Qazlal.
  9613 | D:8      | Reached skill level 5 in Fighting
  9747 | D:8      | Found a snail-covered altar of Cheibriados.
  9906 | D:8      | Reached skill level 10 in Dodging
 10352 | D:8      | Reached XP level 10. HP: 48/51 MP: 5/18
 12421 | D:9      | Identified the Collected Works on Talismans and Enchantment
 12643 | D:9      | Reached ** piety under Dithmenos
 12930 | D:9      | Identified the +10 war axe of Ash {chaos, +Blink MP+9}
 13399 | D:10     | Entered Level 10 of the Dungeon
 13671 | D:10     | Noticed a two-headed ogre
 13678 | D:10     | Killed a two-headed ogre
 13694 | D:10     | Noticed Gastronok
 14219 | D:10     | Found a glowing silver altar of Zin.
 15162 | D:11     | Noticed a two-headed ogre
 15180 | D:11     | Killed a two-headed ogre
 15248 | D:11     | Noticed an oklob plant
 15358 | D:11     | Reached XP level 11. HP: 56/56 MP: 15/19
 15448 | D:11     | Noticed a cyan ugly thing
 15452 | D:11     | Killed a cyan ugly thing
 15544 | D:11     | Found a staircase to the Lair.
 15548 | D:11     | Noticed an unseen horror
 15550 | D:11     | Reached *** piety under Dithmenos
 15561 | D:11     | Killed an unseen horror
 15598 | D:11     | Noticed a two-headed ogre
 15606 | D:11     | Killed a two-headed ogre
 15757 | D:11     | Noticed a two-headed ogre
 15764 | D:11     | Killed a two-headed ogre
 15764 | D:11     | Reached skill level 10 in Short Blades
 16752 | D:11     | Found a burning altar of Makhleb.
 17186 | D:11     | Killed an oklob plant
 17186 | D:11     | Reached skill level 1 in Evocations
 17228 | Lair:1   | Entered Level 1 of the Lair of Beasts
 18468 | Lair:1   | Got a flickering golden amulet
 18469 | Lair:1   | Identified the amulet of Lenleut {RegenMP +Blink rPois MR-}
                  | (You found it on level 1 of the Lair of Beasts)
 18829 | Lair:2   | Noticed a seven-headed hydra
 18895 | Lair:1   | Reached XP level 12. HP: 51/63 MP: 14/21
 19613 | Lair:2   | Killed a seven-headed hydra
 19807 | Lair:2   | Found a basalt altar of Yredelemnul.
 20138 | Lair:2   | Reached **** piety under Dithmenos
 20790 | Lair:3   | Found a staircase to the Shoals.
 20798 | Lair:3   | Reached skill level 15 in Stealth
 20912 | Lair:3   | Noticed a seven-headed hydra
 21025 | Lair:3   | Killed a seven-headed hydra
 21473 | Lair:3   | Found a hole to the Spider Nest.
 22594 | Lair:4   | Noticed a four-headed hydra
 22620 | Lair:4   | Killed a four-headed hydra
 23144 | Lair:4   | Reached skill level 15 in Dodging
 23427 | Lair:5   | Found a staircase to the Slime Pits.
 23437 | Lair:5   | Noticed a seven-headed hydra
 23511 | Lair:4   | Reached XP level 13. HP: 69/69 MP: 20/26
 23547 | Lair:5   | Reached ***** piety under Dithmenos
 24001 | Lair:5   | Noticed Kirke
 24035 | Lair:5   | Mangled by a harpy

Levels and vault maps discovered:
D:1:      onia_arrival_pentagram, layout_basic, minmay_tripent
D:2:      layout_loops_ring, lemuel_doored_altar,
          chequers_ecumenical_altar_grove, first_ration, st_stairs_9,
          minmay_pentomino_q4
D:3:      layout_rooms, nicolae_overflow_crystal_walls, okawaru_metal_pillars_3,
          grunt_temple_overflow_open
D:4:      layout_loops_cross, portal_sewer_entry_b, gammafunk_ghost_arena
D:5:      layout_gridville
D:6:      layout_rooms, kennysheep_little_box, lightli_temple_of_fire,
          minmay_temple_entry_gardened_gates
D:7:      minmay_the_grid_triangle_9x9_rhombus_thin
          [minmay_the_grid_triangle_9x9_odd_lines,
          minmay_the_grid_triangle_9x9_prize_insulated,
          minmay_the_grid_triangle_9x9_sprig,
          minmay_the_grid_triangle_9x9_steps], layout_cave_pools,
          lemuel_coloured_pillars_altar, gammafunk_ghost_grave
D:8:      layout_layer_cave, grunt_qazlal_sundering, cheibriados_altar_1,
          basic_altar
D:9:      layout_loops_cross, the_bakery, kennysheep_generic_room_6
D:10:     layout_rooms, basic_altar, hex_intersection, st_stairs_11,
          uniq_erolcha, uniq_gastronok
D:11:     kennysheep_ambush_hall, layout_basic, dpeg_oklobed_lair,
          bloody_makhleb
Temple:   nicolae_temple_hex_pool
Lair:1:   layout_chaotic_city
Lair:2:   layout_loops_ring, lemuel_oklob_altar, lemuel_fruit_fields,
          grunt_megastairs_3
Lair:3:   layout_concentric_octagons, minmay_shoals_entry_beasts,
          dummy_spider_entry, eino_house_with_fridge, grunt_megastairs_5,
          infiniplex_staircase_pool_2
Lair:4:   layout_concentric_octagons, serial_bayou_shore_a
Lair:5:   layout_misc_corridors, minmay_slime_entry_jelly_boxes, special_room
          [special_room_mythical_zoo], uniq_kirke

Skill      XL: |  1  2  3  4  5  6  7  8  9 10 11 12 |
---------------+-------------------------------------+-----
Spellcasting   | 3 4 5 8 |  8.6
Hexes          | 4 5 7 9 |  9.8
Short Blades   | 2 3 4 6 7 9 10 | 10.0
Stealth        | 5 6 7 9 10 11 14 15 | 15.0
Dodging        | 4 5 6 8 10 12 13 15 | 15.2
Fighting       | 1 2 3 5 6 7 8 |  8.7
Evocations     | 2 |  2.5

Action                   |  1- 3 |  4- 6 |  7- 9 | 10-12 | 13-15 || total
-------------------------+-------+-------+-------+-------+-------++-------
Melee: Dagger            |    69 |   129 |   192 |   473 |    20 ||   883
Throw: Dart              |       |    24 |    32 |    40 |     4 ||   100
 Cast: Corona            |    10 |     2 |       |       |       ||    12
       Ensorcelled Hiber |    32 |    56 |    58 |   235 |    27 ||   408
       Confuse           |       |     1 |    35 |    81 |     8 ||   125
       Tukima's Dance    |       |       |    41 |    21 |       ||    62
       Dazzling Spray    |       |       |       |    19 |       ||    19
       Slow              |       |       |       |     6 |     7 ||    13
Invok: Shadow Step       |       |       |       |       |     1 ||     1
  Use: Scroll            |       |     4 |     8 |    15 |     1 ||    28
       Potion            |       |       |       |     2 |       ||     2
 Stab: Sleeping          |    26 |    38 |    47 |   139 |    17 ||   267
       Confused          |       |     1 |     8 |    31 |       ||    40
       Distracted        |       |       |       |     1 |       ||     1
       Invisible         |       |       |       |     2 |       ||     2
  Eat: Ration            |       |     3 |     4 |    10 |       ||    17
Armor: Robe              |     5 |     6 |     5 |    10 |       ||    26
Dodge: Dodged            |    36 |   100 |   129 |   386 |    25 ||   676
